 Dungeon Crawl Stone Soup version 0.29-a0-553-g81b289dbe5 (webtiles) character file.

Game seed: 17508223538515493999

55 DocClef the Covert (level 3, -3/35 HPs)
             Began as a Gnoll Delver on June 6, 2022.
             Slain by a black bear (10 damage)
             ... on level 5 of the Dungeon.
             The game lasted 00:00:13 (347 turns).

DocClef the Covert (Gnoll Delver)                    Turns: 347, Time: 00:00:13

Health: -3/35      AC:  3    Str: 13    XL:     3   Next: 93%
Magic:  4/4        EV: 13    Int:  9    God:
Gold:   8          SH:  0    Dex: 13    Spells: 4/4 levels left

rFire   . . .      SeeInvis .   a - +0 short sword
rCold   . . .      Faith    .   (no shield)
rNeg    . . .      Spirit   .   b - +0 leather armour
rPois   .          Reflect  .   (no helmet)
rElec   .          Harm     .   (no cloak)
rCorr   .          Rampage  .   (no gloves)
Will    .....                   (no boots)
Stlth   ++++......              (no amulet)
HPRegen 0.11/turn               (no ring)
MPRegen 0.09/turn               (no ring)

@: no status effects
A: fangs 1, strong nose, distributed training
a: no special abilities


You were on level 5 of the Dungeon.
You visited 1 branch of the dungeon, and saw 1 of its levels.

You collected 8 gold pieces.

Inventory:

Hand Weapons
 a - a +0 short sword (weapon)
Armour
 b - a +0 leather armour (worn)
Wands
 g - a wand of digging (3)
Scrolls
 c - a scroll of fog
 e - a scroll of fear
Potions
 d - a potion of berserk rage {unknown}
 f - a potion of haste


   Skills:
 + Level 6.5 Fighting
 + Level 4.6 Short Blades
 + Level 1.0 Long Blades
 + Level 1.0 Axes
 + Level 1.0 Maces & Flails
 + Level 1.0 Polearms
 + Level 1.0 Staves
 + Level 1.0 Slings
 + Level 1.0 Bows
 + Level 1.0 Crossbows
 + Level 1.0 Throwing
 + Level 1.0 Armour
 + Level 4.6 Dodging
 + Level 9.6 Stealth
 + Level 1.0 Shields
 + Level 1.0 Unarmed Combat
 + Level 1.0 Spellcasting
 + Level 0.7 Conjurations
 + Level 0.7 Hexes
 + Level 0.7 Summonings
 + Level 0.7 Necromancy
 + Level 0.7 Translocations
 + Level 0.7 Transmutations
 + Level 0.7 Fire Magic
 + Level 0.7 Ice Magic
 + Level 0.7 Air Magic
 + Level 0.7 Earth Magic
 + Level 0.7 Poison Magic
 + Level 1.0 Invocations
 + Level 1.0 Evocations


You had 4 spell levels left.
You didn't know any spells.
Your spell library was empty.

Dungeon Overview and Level Annotations

Branches:
Dungeon (5/15)
 Temple: D:4-7

Altars:


Innate Abilities, Weirdness & Mutations

You have very sharp teeth.
Your uncanny sense of smell can sniff out nearby items.
Your experience applies equally to all skills.


Message History

You are too injured to fight recklessly!
You are too injured to fight recklessly!
You are too injured to fight recklessly!
You are too injured to fight recklessly!
You are too injured to fight recklessly!
You are too injured to fight recklessly!
You are too injured to fight recklessly!
You are too injured to fight recklessly!
You are too injured to fight recklessly!
You are too injured to fight recklessly!
You hit the black bear but do no damage.
The black bear is heavily wounded.
The black bear bites you but does no damage.
The black bear claws you but does no damage. x2
You hit the black bear but do no damage.
The black bear is heavily wounded.
The black bear bites you. The black bear barely misses you. x2
You hit the black bear.
The black bear is heavily wounded.
The black bear barely misses you. x3
You barely miss the black bear.
The black bear is heavily wounded.
Unknown command.
You hit the black bear. Your bite misses the black bear.
The black bear is heavily wounded.
The black bear barely misses you. The black bear claws you.
The black bear closely misses you.
You hit the black bear.
The black bear is severely wounded.
The black bear goes berserk!
You hit the black bear.
The black bear is almost dead.
The black bear bites you.
* * * LOW HITPOINT WARNING * * *
The black bear claws you but does no damage.
The black bear closely misses you.
You hit the black bear.
The black bear is almost dead.
The black bear bites you!
You die...

#### #### ###..##
**** ...# #.....##
*,,# ...## #......#
*,.# ....###......#
*..# .....###.....#
*#.#* .......#.....#
*#..#
........#....####h..#
......#......##.@.#.#
......##............#
.....####..######...#
#....# #..## *...#
#....###..# *...#
....###..## *#..#
....##..## *..#
....#..## *#.#*
...##..# *,,*


You could see a black bear (berserk).

Vanquished Creatures
  A scorpion (D:5)
1 creature vanquished.

Notes
Turn   | Place    | Note
-------+----------+-------------------------------------------
     0 | D:5      | Reached skill level 9 in Stealth
     0 | D:5      | DocClef the Gnoll Delver began the quest for the Orb.
     0 | D:5      | Reached XP level 1. HP: 23/23 MP: 1/1
    16 | D:5      | Noticed a scorpion
    39 | D:5      | Killed a scorpion
    40 | D:5      | Reached skill level 1 in Long Blades
    40 | D:5      | Reached skill level 1 in Axes
    40 | D:5      | Reached skill level 1 in Maces & Flails
    40 | D:5      | Reached skill level 1 in Polearms
    40 | D:5      | Reached skill level 1 in Staves
    40 | D:5      | Reached skill level 1 in Slings
    40 | D:5      | Reached skill level 1 in Bows
    40 | D:5      | Reached skill level 1 in Crossbows
    40 | D:5      | Reached skill level 1 in Throwing
    40 | D:5      | Reached skill level 1 in Armour
    40 | D:5      | Reached skill level 1 in Shields
    40 | D:5      | Reached skill level 1 in Unarmed Combat
    40 | D:5      | Reached skill level 1 in Spellcasting
    40 | D:5      | Reached skill level 1 in Invocations
    40 | D:5      | Reached skill level 1 in Evocations
    40 | D:5      | Reached XP level 2. HP: 7/29 MP: 1/3
    40 | D:5      | Reached XP level 3. HP: 8/35 MP: 1/4
   330 | D:5      | Noticed a black bear
   347 | D:5      | Slain by a black bear

Illustrated notes

Levels and vault maps discovered:
D:5:      layout_cave_pods, cheibriados_altar_1, portal_sewer_entry_d

Skill      XL: |  1 |
---------------+----+-----
Stealth        | |  9.6
Long Blades    | 1 |  1.0
Axes           | 1 |  1.0
Maces & Flails | 1 |  1.0
Polearms       | 1 |  1.0
Staves         | 1 |  1.0
Slings         | 1 |  1.0
Bows           | 1 |  1.0
Crossbows      | 1 |  1.0
Throwing       | 1 |  1.0
Armour         | 1 |  1.0
Shields        | 1 |  1.0
Unarmed Combat | 1 |  1.0
Spellcasting   | 1 |  1.0
Invocations    | 1 |  1.0
Evocations     | 1 |  1.0
Fighting       | |  6.5
Short Blades   | |  4.6
Dodging        | |  4.6
Conjurations   | |  0.7
Hexes          | |  0.7
Summonings     | |  0.7
Necromancy     | |  0.7
Translocations | |  0.7
Transmutations | |  0.7
Fire Magic     | |  0.7
Ice Magic      | |  0.7
Air Magic      | |  0.7
Earth Magic    | |  0.7
Poison Magic   | |  0.7

Action                   || total
-------------------------++-------
Melee: Short sword       ||    35
       Bite              ||     4
       Punch             ||     1
  Use: Scroll            ||     1
Armor: Leather armour    ||    10
Dodge: Dodged            ||    29

Table legend: (Time is in decaauts)
 A = Elapsed time spent in this place.
 B = Non-inter-level travel time spent in this place.
 C = Inter-level travel time spent in this place.
 D = Time resting spent in this place.
 E = Time spent auto-exploring this place.
 F = Levels seen in this place.
 G = Mean time per level.
                   A        B        C        D        E       F      G
               +--------+--------+--------+--------+--------+-----+--------+
         Total |    342 |    342 |      0 |     13 |    289 |   1 |  342.0 |
       Dungeon |    342 |    342 |      0 |     13 |    289 |   1 |  342.0 |
               +--------+--------+--------+--------+--------+-----+--------+

Top non-repeatable levels by time:
     D:5: 342 daAuts
